 Dungeon Crawl Stone Soup version 0.28.0-45-g0d030f2227 (webtiles) character file.

Game seed: 4905811215322297570

35 Ablot the Cutter (level 3, -4/35 HPs)
             Began as a Gnoll Chaos Knight on Apr 12, 2022.
             Was a Plaything of Xom.
             Slain by an iron imp (8 damage)
             ... summoned by Xom
             ... on level 1 of the Dungeon.
             The game lasted 00:00:56 (885 turns).

Ablot the Cutter (Gnoll Chaos Knight)                Turns: 885, Time: 00:00:56

Health: -4/35      AC:  5    Str: 13    XL:     3   Next: 35%
Magic:  4/4        EV: 12    Int: 11    God:    Xom [......]
Gold:   0          SH:  0    Dex: 11    Spells: 3/3 levels left

rFire   . . .      SeeInvis .   a - +0 short sword (chaos)
rCold   . . .      Faith    .   (no shield)
rNeg    . . .      Spirit   .   b - +2 leather armour
rPois   .          Reflect  .   (no helmet)
rElec   .          Harm     .   (no cloak)
rCorr   .          Rampage  .   (no gloves)
Will    .....                   (no boots)
Stlth   +.........              (no amulet)
HPRegen 0.11/turn               (no ring)
MPRegen 0.09/turn               (no ring)

@: no status effects
A: fangs 1, strong nose, distributed training
a: Renounce Religion


You were on level 1 of the Dungeon.
You worshipped Xom.
You were a very special plaything of Xom.
You visited 1 branch of the dungeon, and saw 1 of its levels.

Inventory:

Hand Weapons
 a - a +0 short sword of chaos (weapon)
Missiles
 c - 10 stones (quivered)
 g - 28 bolts
Armour
 b - a +2 leather armour (worn)
Scrolls
 d - 3 scrolls of teleportation {unknown}
 f - 3 scrolls of blinking {unknown}
Potions
 e - a potion of attraction {unknown}


   Skills:
 + Level 6.5 Fighting
 + Level 6.5 Short Blades
 + Level 0.7 Long Blades
 + Level 0.7 Axes
 + Level 0.7 Maces & Flails
 + Level 0.7 Polearms
 + Level 0.7 Staves
 + Level 0.7 Slings
 + Level 0.7 Bows
 + Level 0.7 Crossbows
 + Level 0.7 Throwing
 + Level 4.5 Armour
 + Level 2.6 Dodging
 + Level 0.7 Stealth
 + Level 0.7 Shields
 + Level 0.7 Unarmed Combat
 + Level 0.7 Spellcasting
 + Level 0.5 Conjurations
 + Level 0.5 Hexes
 + Level 0.5 Summonings
 + Level 0.5 Necromancy
 + Level 0.5 Translocations
 + Level 0.5 Transmutations
 + Level 0.5 Fire Magic
 + Level 0.5 Ice Magic
 + Level 0.5 Air Magic
 + Level 0.5 Earth Magic
 + Level 0.5 Poison Magic
 + Level 0.9 Invocations
 + Level 0.7 Evocations


You had 3 spell levels left.
You didn't know any spells.
Your spell library contained the following spells:

 Spells                   Type           Power      Damage    Failure   Level
 Magic Dart               Conj           4%         1d3       32%         1
 Searing Ray              Conj           2%         2d4       45%         2
 Fulminant Prism          Conj/Hex       0%         3d6       97%         4


Dungeon Overview and Level Annotations

Branches:
Dungeon (1/15)

Altars:


Innate Abilities, Weirdness & Mutations

You have very sharp teeth.
Your uncanny sense of smell can sniff out nearby items.
Your experience applies equally to all skills.


Message History

You hit the iron imp.
The iron imp is lightly wounded.
You closely miss the iron imp.
The iron imp is lightly wounded.
The iron imp barely misses you.
The iron imp lashes its tail.
The iron imp hits you!
You closely miss the iron imp.
The iron imp is lightly wounded.
The iron imp shouts, "Return whence thou came, thou artless dismal-dreaming pissant!"
The iron imp hits you. The iron imp barely misses you.
You are too injured to fight recklessly!
You hit the iron imp but do no damage.
The iron imp is poisoned.
The iron imp is lightly wounded.
You hit the iron imp but do no damage.
The iron imp is lightly wounded.
The iron imp hits you. The iron imp barely misses you.
You hit the iron imp but do no damage.
The iron imp looks as sick as possible!
The iron imp is lightly wounded.
The iron imp hits you.
You closely miss the iron imp.
The iron imp is lightly wounded.
The iron imp barely misses you.
You hit the iron imp but do no damage. The iron imp closely misses you.
The iron imp hits you.
* * * LOW HITPOINT WARNING * * *
You hit the iron imp but do no damage.
The iron imp hits you but does no damage.
You hit the iron imp but do no damage. The iron imp misses you.
You barely miss the iron imp. The iron imp barely misses you. x2
You hit the iron imp but do no damage. You hit the iron imp but do no damage.
You bite the iron imp.
The iron imp is lightly wounded.
The iron imp hits you!
* * * LOW HITPOINT WARNING * * *
The iron imp hits you but does no damage.
You hit the iron imp but do no damage.
The iron imp is lightly wounded.
The iron imp closely misses you. The iron imp hits you!
You die...

##### ### # ############.#.#
#.####.###### #............@.#
#............ #...........5#5#
#.####....... #..#.#######.#.#
#.####...#### #............#.#
#.##.....# ## #..######.####.#
#.##.#.#.###. #............#.#
#.#........>.
#.######.....#.###.####.#.....
#.# ####...#.#.##.........#...
#.# #.........................


You could see 2 iron imps.

Vanquished Creatures
  A dart slug (D:1)
  5 ball pythons (D:1)
  A bat (D:1)
  5 endoplasms (D:1)
  A giant cockroach (D:1)
  2 goblins (D:1)
  4 hobgoblins (D:1)
  2 quokkas (D:1)
  2 frilled lizards (D:1)
  3 kobolds (D:1)
26 creatures vanquished.

Notes
Turn   | Place    | Note
-------+----------+-------------------------------------------
     0 | D:1      | Ablot the Gnoll Chaos Knight began the quest for the Orb.
     0 | D:1      | Reached XP level 1. HP: 23/23 MP: 1/1
    22 | D:1      | XOM: silly message
   119 | D:1      | XOM: butterfly on damage
   121 | D:1      | Reached XP level 2. HP: 21/29 MP: 2/2
   359 | D:1      | Reached XP level 3. HP: 33/35 MP: 3/3
   400 | D:1      | XOM: silly message
   488 | D:1      | XOM: divination: magic mapping
   532 | D:1      | XOM: silly message
   545 | D:1      | XOM: silly message
   869 | D:1      | XOM: summons 2 hostile demons
   885 | D:1      | Slain by an iron imp

Illustrated notes

Levels and vault maps discovered:
D:1:      evilmike_arrival_hilbert_curve, layout_basic,
          shapermc_ecumenical_altar_mp_vishouse, minmay_unequal

Action                   || total
-------------------------++-------
Melee: Short sword       ||    82
       Bite              ||     5
 Stab: Paralysed         ||     1
Armor: Leather armour    ||    15
Dodge: Dodged            ||    41
